 Dungeon Crawl Stone Soup version 0.23.2-30-g0e89c35649 (webtiles) character file.

Game seed: 13571718578536190428

620 Hivemind the Digger (level 7, 0/36 HPs)
             Began as a Gargoyle Earth Elementalist on June 10, 2019.
             Was an Initiate of Sif Muna.
             Killed by divine providence
             ... invoked by an orc priest
              (12 damage)
             ... on level 4 of the Dungeon.
             The game lasted 00:21:21 (3872 turns).

Hivemind the Digger (Gargoyle Earth Elementalist)   Turns: 3872, Time: 00:21:21

Health: 0/36       AC: 11    Str: 12    XL:     7   Next: 46%
Magic:  11/14      EV: 11    Int: 17    God:    Sif Muna [......]
Gold:   209        SH:  3    Dex: 10    Spells: 12/16 levels left

rFire    . . .     SeeInvis .   u - staff of earth
rCold    . . .     Gourm    +   B - +0 buckler
rNeg     + . .     Faith    .   c - +0 robe
rPois    ∞         Spirit   .   (no helmet)
rElec    +         Reflect  .   (no cloak)
rCorr    .         Harm     .   (no gloves)
MR       .....                  (no boots)
Stlth    ++........             g - amulet of the gourmand
HPRegen  0.12/turn              s - ring of flight
MPRegen  0.14/turn              y - +5 ring of protection

@: no status effects
A: negative energy resistance 1, electricity resistance, unbreathing,
petrification resistance, rot immunity, AC +4
a: Renounce Religion, Evoke Flight


You were on level 4 of the Dungeon.
You worshipped Sif Muna.
Sif Muna was noncommittal.
You were completely stuffed.

You visited 2 branches of the dungeon, and saw 5 of its levels.

You collected 209 gold pieces.

Inventory:

Missiles
 b - 73 stones (quivered)
 z - a throwing net
Armour
 c - a +0 robe (worn)
 B - a +0 buckler (worn)
Magical Staves
 u - an uncursed staff of earth (weapon)
Jewellery
 g - an amulet of the gourmand (around neck)
 l - an uncursed amulet of regeneration
 s - a ring of flight (left hand)
 y - a +5 ring of protection (right hand)
Scrolls
 a - a scroll of magic mapping {unknown}
 f - a scroll of enchant weapon {unknown}
 h - 7 scrolls of identify {unknown}
 k - 2 scrolls of immolation {unknown}
 n - a scroll of blinking {unknown}
 o - 2 scrolls of remove curse {unknown}
 p - 3 scrolls of teleportation {unknown}
 q - a scroll of random uselessness {unknown}
Potions
 e - a potion of brilliance {unknown}
 i - 4 potions of curing {unknown}
 j - a potion of berserk rage {unknown}
 m - 2 potions of might {unknown}
 r - 2 potions of lignification {unknown}
 t - a potion of flight {unknown}
 v - a potion of degeneration {unknown}
 w - a potion of mutation {unknown}
 x - a potion of resistance {unknown}
Comestibles
 d - 10 rations
 A - 5 chunks of flesh


   Skills:
 + Level 1.6 Staves
 - Level 1.5 Dodging
 - Level 2.1 Stealth
 + Level 5.1 Spellcasting
   Level 0.7 Transmutations
 + Level 7.2 Earth Magic
 - Level 1.1 Evocations


You had 12 spell levels left.
You knew the following spells:

 Your Spells              Type           Power        Failure   Level  Hunger
a - Sandblast             Erth           #####.       1%          1    None
b - Stone Arrow           Conj/Erth      ####..       16%         3    ###....

Your spell library contained the following spells:

 Spells                   Type           Power        Failure   Level  Hunger
 Passwall                 Tmut/Erth      ####....     7%          2    #......
 Summon Small Mammal      Summ           #...         24%         1    None
 Lee's Rapid Deconstruct  Erth           #####.....   32%         5    ######.
 Call Imp                 Summ           #.......     34%         2    #......
 Petrify                  Tmut/Erth      ####....     41%         4    ####...
 Call Canine Familiar     Summ           #.......     56%         3    ###....
 Summon Guardian Golem    Hex/Summ       #.......     56%         3    ###....
 Summon Ice Beast         Ice/Summ       #.......     93%         4    ####...
 Summon Lightning Spire   Summ/Air       #.......     93%         4    ####...


Dungeon Overview and Level Annotations

Branches:
Dungeon (4/15)             Temple (1/1) D:4

Altars:
Ashenzari
Elyvilon
Fedhas
Gozag
Hepliaklqana
Kikubaaqudgha
Makhleb
Nemelex Xobeh
Qazlal
Ru
Sif Muna
Trog
Uskayaw
Vehumet
Xom
Yredelemnul
Zin
The Shining One


Innate Abilities, Weirdness & Mutations

You are resistant to torment.
Your stone body is resilient. (AC +4)
You are immune to poison.
You resist negative energy. (rN+)
You are resistant to electric shocks. (rElec)
You can survive without breathing.
You are immune to petrification.
You are immune to rotting.


Message History

The orc shouts!
The orc priest shouts!
You hear a shout!
An orc priest comes into view. It is wielding a +0 club.
The orc priest calls down the wrath of Beogh upon you.
Beogh smites you!
Casting: Sandblast (safe; 1% risk of failure)
Confirm with . or Enter, or press ? or * to list all spells.
Aiming: Stone Arrow (safe; 16% risk of failure)
Press: ? - help, Shift-Dir - straight line, f - orc
Aim: an orc, wielding a +0 flail You feel a surge of power!
The stone arrow hits the orc!
You kill the orc!
Sif Muna accepts your kill.
Casting: Stone Arrow (safe; 16% risk of failure)
Confirm with . or Enter, or press ? or * to list all spells.
You can't see any susceptible monsters within range! (Use Z to cast anyway.)
The orc priest calls down the wrath of Beogh upon you.
Beogh smites you!
The orc priest mumbles some strange prayers to Beogh against you.
Beogh smites you!
You die...

..............#
##o###
..............#
##o##
..............#
##))#
..............#
##..##
..............#
#.)##
..............#
##.##
####..........#
##.##
####..########.##
##.## ##@.## #..#
##....##
##.####......#
#..##..#.....#
##....##......#
#....##.......#
##..###.......#
#.## #.......#
##. #######


You could see an orc priest.

Vanquished Creatures
  Sigmund (D:3)
  A black bear (D:3)
  A hound (D:3)
  A centaur skeleton (D:4)
  Natasha (thrice) (D:2)
  A worker ant (D:4)
  5 adders
  8 gnolls
  5 dart slugs
  3 leopard geckos (D:3)
  4 orcs
  3 bats
  5 giant cockroaches
  5 goblins
  6 hobgoblins
  4 jackals (D:1)
  3 quokkas
  5 frilled lizards
  A jackal skeleton (D:4)
  12 kobolds
  14 rats
91 creatures vanquished.

Notes
Turn   | Place    | Note
-------+----------+-------------------------------------------
     0 | D:1      | Hivemind the Gargoyle Earth Elementalist began the quest
                  | for the Orb.
     0 | D:1      | Reached XP level 1. HP: 10/10 MP: 3/3
    75 | D:1      | Reached XP level 2. HP: 13/15 MP: 1/5
    76 | D:1      | Reached skill level 4 in Earth Magic
   509 | D:1      | Reached XP level 3. HP: 19/19 MP: 3/6
  1042 | D:2      | Reached XP level 4. HP: 24/24 MP: 2/8
  1228 | D:2      | Reached skill level 5 in Earth Magic
  1496 | D:2      | Noticed Natasha
  1505 | D:2      | Killed Natasha
  1505 | D:2      | Reached XP level 5. HP: 23/28 MP: 6/10
  1649 | D:2      | Noticed Natasha
  1653 | D:2      | Killed Natasha
  1690 | D:2      | Noticed Natasha
  1694 | D:2      | Killed Natasha
  1974 | D:3      | Noticed Sigmund
  2398 | D:3      | Reached skill level 6 in Earth Magic
  2402 | D:3      | Reached XP level 6. HP: 9/32 MP: 3/12
  2694 | D:3      | Found a burning altar of Makhleb.
  2856 | D:3      | Noticed a black bear
  2941 | D:3      | Killed a black bear
  3148 | D:3      | Killed Sigmund
  3148 | D:3      | Reached skill level 1 in Staves
  3148 | D:3      | Reached skill level 7 in Earth Magic
  3148 | D:3      | Reached skill level 1 in Evocations
  3148 | D:3      | Reached XP level 7. HP: 36/36 MP: 11/14
  3248 | D:3      | Reached skill level 5 in Spellcasting
  3507 | D:4      | Found a staircase to the Ecumenical Temple.
  3516 | Temple   | Entered the Ecumenical Temple
  3605 | Temple   | Became a worshipper of Sif Muna the Loreminder
  3700 | D:4      | Found a white marble altar of Elyvilon.
  3722 | D:4      | Learned a level 3 spell: Stone Arrow
  3872 | D:4      | Killed from afar by an orc priest

Skill      XL: |  1  2  3  4  5  6  7 |
---------------+----------------------+-----
Earth Magic    | 4 5 6 7 |  7.2
Spellcasting   | 3 4 5 |  5.1
Staves         | 1 |  1.6
Evocations     | 1 |  1.1
Dodging        | |  1.5
Stealth        | |  2.1
Transmutations | |  0.7

Action                   |  1- 3 |  4- 6 |  7- 9 || total
-------------------------+-------+-------+-------++-------
Melee: Short sword       |   109 |     3 |       ||   112
       Flail             |       |   159 |       ||   159
       Staff             |       |       |    46 ||    46
 Cast: Sandblast         |    14 |    49 |     4 ||    67
       Stone Arrow       |       |       |     3 ||     3
 Stab: Sleeping          |     1 |     4 |     1 ||     6
  Eat: Chunk             |     1 |    17 |     2 ||    20
Armor: Robe              |    38 |    91 |    23 ||   152
Dodge: Dodged            |    68 |   151 |    30 ||   249
Block: Buckler           |       |       |     6 ||     6
